 Dungeon Crawl Stone Soup version 0.20.1-1-g8b1a95d (webtiles) character file.

602 Minstaer the Firebug (level 7, 0/50 HPs)
             Began as a Hill Orc Fire Elementalist on Nov 6, 2017.
             Was an Initiate of Beogh.
             Slain by an orc wizard
             ... wielding a +1 dagger of flaming
              (3 damage)
             ... on level 5 of the Dungeon.
             The game lasted 00:45:13 (4704 turns).

Minstaer the Firebug (Hill Orc Fire Elementalist)   Turns: 4704, Time: 00:45:14

Health: 0/50       AC:  6    Str: 11    XL:     7   Next: 41%
Magic:  2/13       EV: 12    Int: 19    God:    Beogh [......]
Gold:   306        SH:  0    Dex: 11    Spells: 5/14 levels left

rFire    . . .     SeeInvis +   a - +2 mace (venom)
rCold    . . .     Gourm    .   (no shield)
rNeg     . . .     Faith    +   t - +0 robe
rPois    .         Spirit   .   o - +2 helmet
rElec    .         Reflect  .   (no cloak)
rCorr    .         Harm     .   K - +0 pair of gloves
MR       .....                  (no boots)
Stlth    ++........             I - amulet of faith
Regen    0.2/turn               f - ring of see invisible
MPRegen  0.2/turn               E - +2 ring of intelligence

@: no status effects
A: no striking features
a: Renounce Religion


You were on level 5 of the Dungeon.
You worshipped Beogh.
Beogh was noncommittal.
You were hungry.

You visited 1 branch of the dungeon, and saw 5 of its levels.

You collected 306 gold pieces.

Inventory:

Hand Weapons
 a - a +2 mace of venom (weapon)
 b - a +0 hunting sling
 u - a +0 dagger
 L - a +0 scythe
Missiles
 k - 91 stones (quivered)
 s - 58 arrows
 z - 22 bolts
 F - 44 poisoned needles
Armour
 g - a +0 leather armour
 o - a +2 helmet (worn)
 t - a +0 robe (worn)
 K - a +0 pair of gloves (worn)
Jewellery
 f - a ring of see invisible (left hand)
 E - a +2 ring of intelligence (right hand)
 I - an amulet of faith (around neck)
Wands
 y - a wand of flame (28/48)
 B - a wand of iceblast (4/15)
 G - a wand of flame (29/48)
Scrolls
 d - 2 scrolls of magic mapping
 e - 3 scrolls of teleportation
 j - 2 scrolls of immolation {unknown}
 m - 5 scrolls of remove curse
 r - 3 scrolls of amnesia
 w - a scroll of random uselessness {unknown}
 x - a scroll of fear {unknown}
 A - a scroll of identify
 H - 2 scrolls of enchant weapon {unknown}
Potions
 h - 2 potions of curing {unknown}
 i - a potion of flight
 l - a potion of berserk rage {unknown}
 q - a potion of might {unknown}
 C - a potion of cancellation {unknown}
 D - 2 potions of haste {unknown}
Books
 n - a book of Flames

   Spells                             Type                      Level
   a - Flame Tongue                   Conjuration/Fire             1
   b - Throw Flame                    Conjuration/Fire             2
   c - Conjure Flame                  Conjuration/Fire             3
   d - Inner Flame                    Hexes/Fire                   3
   e - Sticky Flame                   Conjuration/Fire             4
   f - Fireball                       Conjuration/Fire             5
Comestibles
 c - 6 bread rations
 p - 4 meat rations
 v - 4 fruits


   Skills:
 - Level 1.5 Dodging
 - Level 1.5 Stealth
 + Level 4.4 Spellcasting
 - Level 1.0 Conjurations
 + Level 6.8 Fire Magic


You had 5 spell levels left.
You knew the following spells:

 Your Spells              Type           Power        Failure   Level  Hunger
a - Flame Tongue          Conj/Fire      ###..        2%          1    None
b - Throw Flame           Conj/Fire      ###...       4%          2    #......
c - Conjure Flame         Conj/Fire      ###.....     8%          3    ###....
d - Inner Flame           Hex/Fire       ###.....     10%         3    ###....


Dungeon Overview and Level Annotations

Branches:
Dungeon (5/15)
 Temple: D:4-7

Altars:
Zin


Message History

The orc wizard hits you with a dagger of flaming.
The orc wizard burns you.
You barely miss the orc wizard.
The orc wizard is moderately wounded.
The orc wizard hits you with a dagger of flaming.
The orc wizard burns you. The orc wizard barely misses you.
The orc wizard hits you but does no damage.
The orc wizard casts a spell.
The orc wizard blinks!
The orc wizard closely misses you. The orc wizard casts a spell at you.
The magic dart hits you!
* * * LOW HITPOINT WARNING * * *
The orc wizard barely misses you. The orc wizard closely misses you.
The orc wizard hits you with a dagger of flaming.
* * * LOW HITPOINT WARNING * * *
The orc wizard burns you.
You die...
Beogh appreciates the orc wizard's killing of a heretic priest.

#..........##....#
#...##.....##....#
#...##.....##....#
#...#............#
#...'............#
#...#......####..##
#...#.....## ##.##
#...#.....# .. #.>.
#.@.#....##.⌠. #...
#.go######.... #.##
#.o.##...#....##.##
#........'... #..##
#........#.. ##..'
#........# #..#
#...##...## #..#
#...##....# #..#
#.........## ####


You could see an orc wizard, a gnoll and an orc.

Vanquished Creatures
  Sigmund (D:4)
  A scorpion (D:4)
  A crimson imp (D:5)
  A quasit (D:3)
  A hound (D:4)
  A centaur skeleton (D:5)
  An orc priest (D:5)
  A gnoll shaman (D:5)
  An iguana (D:4)
  Natasha (twice) (D:3)
  A worker ant (D:4)
  A worker ant zombie (D:5)
  3 gnolls (D:5)
  5 adders
  A worm (D:3)
  A dart slug (D:1)
  4 orcs
  3 ball pythons
  10 bats
  2 giant cockroaches
  4 goblins
  10 hobgoblins
  A jackal (D:3)
  3 kobolds
  2 quokkas (D:2)
  7 frilled lizards
  A jackal skeleton (D:4)
  9 rats
79 creatures vanquished.

Vanquished Creatures (others)
  An orc wizard (D:5)
  A gnoll (D:5)
  A jackal zombie (D:5)
3 creatures vanquished.

Grand Total: 82 creatures vanquished

Notes
Turn   | Place    | Note
-------+----------+-------------------------------------------
     0 | D:1      | Minstaer the Hill Orc Fire Elementalist began the quest for the Orb.
     0 | D:1      | Reached XP level 1. HP: 14/14 MP: 3/3
   191 | D:1      | Reached XP level 2. HP: 9/20 MP: 0/4
   474 | D:1      | Learned a level 2 spell: Throw Flame
   879 | D:1      | Reached skill level 4 in Fire Magic
   879 | D:1      | Reached XP level 3. HP: 22/26 MP: 6/6
  1567 | D:2      | Learned a level 3 spell: Conjure Flame
  1937 | D:3      | Noticed Sigmund
  2060 | D:3      | Reached XP level 4. HP: 33/33 MP: 2/7
  2532 | D:3      | Reached XP level 5. HP: 18/38 MP: 0/9
  2797 | D:3      | Noticed Natasha
  2808 | D:3      | Killed Natasha
  2808 | D:3      | Reached skill level 5 in Fire Magic
  3029 | D:3      | Noticed Natasha
  3035 | D:3      | Killed Natasha
  3344 | D:4      | Found a glowing silver altar of Zin.
  3424 | D:4      | Reached XP level 6. HP: 45/45 MP: 1/11
  3429 | D:4      | Learned a level 3 spell: Inner Flame
  3848 | D:4      | Killed Sigmund
  3848 | D:4      | Reached skill level 6 in Fire Magic
  3848 | D:4      | Reached XP level 7. HP: 33/50 MP: 3/13
  4363 | D:5      | Entered Level 5 of the Dungeon
  4663 | D:5      | Became a worshipper of Beogh the Brigand
  4704 | D:5      | Slain by an orc wizard

Skill      XL: |  1  2  3  4  5  6 |
---------------+-------------------+-----
Spellcasting   | 2 3 4 |  4.4
Fire Magic     | 4 5 6 |  6.8
Dodging        | |  1.5
Stealth        | |  1.5
Conjurations   | |  1.0

Action                   |  1- 3 |  4- 6 |  7- 9 || total
-------------------------+-------+-------+-------++-------
Melee: Club              |    30 |       |       ||    30
       Dagger            |    31 |    41 |       ||    72
       Mace              |       |     1 |    53 ||    54
 Fire: Hunting sling     |    29 |    26 |    42 ||    97
 Cast: Flame Tongue      |    53 |    52 |    20 ||   125
       Conjure Flame     |     1 |     2 |     5 ||     8
       Throw Flame       |       |     6 |       ||     6
Invok: Convert to Beogh  |       |       |     1 ||     1
  Use: Scroll            |     4 |     1 |       ||     5
 Stab: Sleeping          |     2 |     1 |       ||     3
  Eat: Chunk             |     3 |     6 |     2 ||    11
       Royal jelly       |       |     1 |       ||     1
Armor: Robe              |    20 |    47 |    17 ||    84
Dodge: Dodged            |    69 |   102 |    44 ||   215
